 Dungeon Crawl Stone Soup version 0.22.1-1-ga44c0e5 (webtiles) character file.

1244 aMcNicky the Basher (level 8, -5/48 HPs)
             Began as a Gargoyle Artificer on Oct 20, 2018.
             Killed from afar by a gargoyle (7 damage)
             ... with a stone arrow
             ... on level 6 of the Dungeon.
             The game lasted 00:29:31 (6752 turns).

aMcNicky the Basher (Gargoyle Artificer)            Turns: 6752, Time: 00:29:32

Health: -5/48      AC: 13    Str: 18    XL:     8   Next: 50%
Magic:  10/10      EV: 10    Int: 12    God:
Gold:   242        SH:  0    Dex: 10    Spells: 7/7 levels left

rFire    . . .     SeeInvis .   A - +0 morningstar
rCold    . . .     Gourm    .   (no shield)
rNeg     + . .     Faith    +   B - +0 scale mail
rPois    ∞         Spirit   .   w - +0 helmet
rElec    +         Reflect  .   (no cloak)
rCorr    .         Harm     .   h - +0 pair of gloves
MR       .....                  (no boots)
Stlth    ..........             y - amulet of faith
HPRegen  0.16/turn              u - ring of wizardry
MPRegen  0.12/turn              (no ring)

@: no status effects
A: negative energy resistance 1, electricity resistance, unbreathing,
petrification resistance, rot immunity, AC +5
a: no special abilities


You were on level 6 of the Dungeon.
You were not hungry.

You visited 1 branch of the dungeon, and saw 6 of its levels.

You collected 242 gold pieces.

Inventory:

Hand Weapons
 a - a +0 short sword
 q - a +0 club
 v - a +0 whip
 A - a +0 morningstar (weapon)
Missiles
 j - 131 stones (quivered)
 m - 3 javelins of returning
 x - a throwing net
Armour
 c - a +0 shield
 h - a +0 pair of gloves (worn)
 w - a +0 helmet (worn)
 B - a +0 scale mail (worn)
Jewellery
 r - an uncursed amulet of magic regeneration
 u - a ring of wizardry (left hand)
 y - an amulet of faith (around neck)
Wands
 d - a wand of enslavement (6)
 I - a wand of digging (15)
 J - a wand of paralysis (5)
Scrolls
 i - a scroll of enchant weapon {unknown}
 k - a scroll of teleportation
 l - 2 scrolls of immolation {unknown}
 n - 3 scrolls of amnesia
 o - a scroll of fear {unknown}
 s - a scroll of blinking {unknown}
 t - a scroll of enchant armour {unknown}
 z - 2 scrolls of noise {unknown}
 D - 2 scrolls of remove curse {unknown}
 G - 2 scrolls of magic mapping {unknown}
 H - a scroll of random uselessness {unknown}
Potions
 b - a potion of berserk rage {unknown}
 C - a potion of lignification {unknown}
 E - a potion of ambrosia {unknown}
 F - a potion of brilliance
Comestibles
 f - 4 rations
 p - 2 chunks of flesh


   Skills:
 - Level 4.9 Fighting
 - Level 0.8 Short Blades
 * Level 8.8 Maces & Flails
 - Level 1.5 Dodging
 - Level 1.1 Stealth
 - Level 2.6 Evocations


You had 7 spell levels left.
You didn't know any spells.
Your spell library contained the following spells:

 Spells                   Type           Power        Failure   Level  Hunger
 Poisonous Vapours        Pois/Air       #.....       52%         2    ###....
 Ignite Poison            Fire/Tmut/Pois #.......     77%         3    ####...
 Spider Form              Tmut/Pois      #.........   77%         3    ####...
 Alistair's Intoxication  Tmut/Pois      #.......     100%        5    ######.


Dungeon Overview and Level Annotations

Branches:
Dungeon (6/15)
 Temple: D:4-7

Altars:
Dithmenos
Makhleb


Innate Abilities, Weirdness & Mutations

You are resistant to torment.
Your stone body is resilient. (AC +5)
You are immune to poison.
You resist negative energy. (rN+)
You are resistant to electric shocks. (rElec)
You can survive without breathing.
You are immune to petrification.
You are immune to rotting.


Message History

The gargoyle hits you with a mace.
You hit the gargoyle but do no damage.
The gargoyle is severely damaged.
The gargoyle hits you with a mace!
* * * LOW HITPOINT WARNING * * *
You feel better. The gargoyle closely misses you.
You hit the gargoyle but do no damage.
The gargoyle is severely damaged.
The gargoyle hits you with a mace.
* * * LOW HITPOINT WARNING * * *
You puncture the gargoyle!
The gargoyle is almost destroyed.
The gargoyle hurls a stone arrow at you.
The stone arrow hits you!
* * * LOW HITPOINT WARNING * * *
You hit the gargoyle but do no damage.
The gargoyle is almost destroyed.
The gargoyle hurls a stone arrow at you.
The stone arrow hits you!
You die...

#.# #### #.# #.# #.# #.#
#.# #.. #.# ### #.# #.
#.# #. #.#
#.#############.#
#..@......[.....#
#####.9##############
.......# #.....#
###...#######<###.## ##
####
#######................#
#. ....
..........#######.#.#..#
#. ..## #####..##
#......###. #.# #..#
###.##..... #..#
#.....####.


You could see a gargoyle.

Vanquished Creatures
  Menkaure (D:5)
  A sky beast (D:6)
  2 ice beasts
  A centaur (D:5)
  An ogre (D:6)
  2 bullfrogs
  A wyvern skeleton (D:6)
  2 crimson imps
  2 orc wizards (D:4)
  Jessica (D:3)
  2 iguanas (D:4)
  2 worker ants
  Robin (D:3)
  3 gnolls (D:3)
  7 adders
  2 oozes
  An adder skeleton (D:4)
  3 worms
  A dart slug (D:2)
  A leopard gecko (D:2)
  11 orcs
  5 bats
  3 giant cockroaches (D:3)
  11 goblins
  7 hobgoblins
  9 jackals
  12 kobolds
  3 quokkas
  A ball python (D:2)
  4 frilled lizards
  A giant cockroach zombie (D:6)
  A quokka skeleton (D:4)
  9 rats
114 creatures vanquished.

Vanquished Creatures (collateral kills)
  An orc (D:4)
1 creature vanquished.

Vanquished Creatures (others)
  An orc priest (D:4)
  A worker ant (D:4)
  A hobgoblin (D:3)
3 creatures vanquished.

Grand Total: 118 creatures vanquished

Notes
Turn   | Place    | Note
-------+----------+-------------------------------------------
     0 | D:1      | aMcNicky the Gargoyle Artificer began the quest for the
                  | Orb.
     0 | D:1      | Reached XP level 1. HP: 12/12 MP: 2/2
   120 | D:1      | Reached XP level 2. HP: 17/17 MP: 4/4
   837 | D:2      | Reached XP level 3. HP: 20/23 MP: 5/5
  1219 | D:2      | Reached skill level 1 in Maces & Flails
  1266 | D:2      | Reached XP level 4. HP: 28/28 MP: 6/6
  1523 | D:2      | Reached skill level 2 in Maces & Flails
  1954 | D:3      | Noticed Jessica
  2040 | D:3      | Killed Jessica
  2163 | D:3      | Reached XP level 5. HP: 31/33 MP: 7/7
  2507 | D:3      | You fall through a shaft for 2 floors!
  2507 | D:5      | Entered Level 5 of the Dungeon
  2532 | D:5      | Got a crude copper amulet
  2866 | D:5      | Reached skill level 3 in Maces & Flails
  3264 | D:4      | Reached XP level 6. HP: 30/39 MP: 8/8
  3334 | D:4      | Reached skill level 4 in Maces & Flails
  4025 | D:3      | Noticed Robin
  4064 | D:3      | Killed Robin
  4506 | D:3      | Reached skill level 5 in Maces & Flails
  4510 | D:3      | Identified the amulet "Fudottun" {Harm *Drain MP+9} (You
                  | found it on level 5 of the Dungeon)
  4587 | D:3      | Noticed an ice beast
  4671 | D:3      | Killed an ice beast
  4671 | D:3      | Reached XP level 7. HP: 44/44 MP: 9/9
  5027 | D:4      | Found a shadowy altar of Dithmenos.
  5122 | D:4      | Reached skill level 6 in Maces & Flails
  5373 | D:5      | Found a burning altar of Makhleb.
  5373 | D:5      | Noticed a green death
  5376 | D:5      | Noticed a hellwing
  5376 | D:5      | Noticed a ynoxinul
  5443 | D:5      | Identified the Almanac of Venom
  5452 | D:5      | Noticed Menkaure
  5634 | D:5      | Killed Menkaure
  5790 | D:5      | Reached skill level 7 in Maces & Flails
  6083 | D:6      | Reached XP level 8. HP: 48/48 MP: 10/10
  6121 | D:6      | Reached skill level 8 in Maces & Flails
  6137 | D:6      | Noticed a gargoyle
  6194 | D:6      | HP: 1/48 [gargoyle/stone arrow (18)]
  6751 | D:6      | HP: 2/48 [gargoyle/stone arrow (9)]
  6752 | D:6      | Killed from afar by a gargoyle

Skill      XL: |  1  2  3  4  5  6  7  8 |
---------------+-------------------------+-----
Fighting       | 2 3 4 |  4.9
Maces & Flails | 1 2 3 5 7 8 |  8.8
Short Blades   | |  0.8
Dodging        | |  1.5
Stealth        | |  1.1
Evocations     | |  2.6

Action                   |  1- 3 |  4- 6 |  7- 9 || total
-------------------------+-------+-------+-------++-------
Melee: Short sword       |   119 |       |       ||   119
       Club              |    30 |    43 |       ||    73
       Whip              |       |   282 |       ||   282
       Morningstar       |       |    44 |   142 ||   186
Throw: Stone             |       |    11 |       ||    11
Evoke: Wand              |     4 |    32 |     5 ||    41
  Use: Potion            |     1 |     1 |     4 ||     6
       Scroll            |       |     7 |     3 ||    10
 Stab: Sleeping          |     1 |     1 |       ||     2
       Paralysed         |       |       |     5 ||     5
  Eat: Chunk             |     1 |     8 |     2 ||    11
       Ration            |       |     1 |     2 ||     3
Armor: Leather armour    |    60 |   102 |       ||   162
       Scale mail        |       |    49 |    78 ||   127
Dodge: Dodged            |    94 |   162 |    47 ||   303
